AoeStats
← Carple

Nomad

503313582Analyzed
1v1 RM · 1mo ago on Aug 31, 2026· 62m 0s· 2 players
Game mode
Random Map
Map size
126×126
Population
200
Speed
Normal
Resources
Standard
Victory
Conquest
Starting age
Dark Age
Ending age
Imperial Age
RankedLock teamsTeams togetherTeam positionsShared explorationLock speedFull tech treeHidden civsTurbo modeCheats
Victory
Defeat
🇨🇦 Spanish · Canada
1128
+17
🇦🇷 Huns · Argentina
1157
-17
Carple
5:20 Loom
13:04 Feudal Age
16:20 Double-Bit Axe
18:02 Stone Mining
20:32 Castle Age
18:39 Fletching
19:38 Padded Archer Armor
20:01 Bloodlines
19:35 Horse Collar
22:30 Husbandry
22:44 Bodkin Arrow
24:17 Leather Archer Armor
35:30 Town Watch
37:50 Medium Warships
39:17 Heavy Plow
44:13 Wheelbarrow
45:21 Gold Mining
46:15 Forging
46:11 Scale Barding Armor
50:27 Chain Barding Armor
52:50 Imperial Age
52:43 Iron Casting
54:49 Hand Cart
54:55 Bow Saw
54:17 Cavalier
56:34 Conscription
57:32 Light Cavalry
60:36 Plate Barding Armor
61:02 Blast Furnace
totekazee
14:13 Feudal Age
14:40 Double-Bit Axe
14:41 Fishing Lines
14:29 Man-at-Arms
15:18 Gold Mining
15:35 Arson
17:56 Wheelbarrow
20:54 Castle Age
19:16 Scale Mail Armor
20:13 Forging
20:52 Fletching
20:58 Long Swordsman
22:49 Iron Casting
22:28 Squires
23:05 Scale Barding Armor
22:55 Gillnets
24:49 Husbandry
25:13 Stone Mining
24:54 Elite Skirmisher
27:02 Thumb Ring
26:36 Pikeman
30:26 Town Watch
31:04 Ballistics
31:07 Padded Archer Armor
33:01 Murder Holes
35:13 Masonry
36:08 Bow Saw
38:35 Medium Warships
40:13 Bloodlines
42:30 Hand Cart
42:03 Loom
42:46 Leather Archer Armor
42:53 Chain Barding Armor
43:11 Bodkin Arrow
48:21 Imperial Age
46:25 Chain Mail Armor
49:42 Bracer
54:05 Conscription
55:10 Chemistry
56:45 Gold Shaft Mining
Connection lost

Rejoining the realm…

Still unreachable

The connection could not be restored.

Session expired

The server has moved on; the page needs a fresh start.